 Dungeon Crawl Stone Soup version 0.22.1-2-g9c5b331 (webtiles) character file.

12058 Matador8 the Basher (level 11, 0/84 HPs)
             Began as a Demonspawn Wanderer on Dec 16, 2018.
             Was a High Priest of Uskayaw.
             Slain by a komodo dragon (17 damage)
             ... on level 1 of the Lair of Beasts on Dec 17, 2018.
             The game lasted 02:13:23 (11970 turns).

Matador8 the Basher (Demonspawn Wanderer)          Turns: 11970, Time: 02:13:23

Health: 0/84       AC:  8    Str: 23    XL:     11   Next: 57%
Magic:  28/28      EV: 14    Int:  8    God:    Uskayaw [*****.]
Gold:   609        SH:  0    Dex: 13    Spells: 10/10 levels left

rFire    . . .     SeeInvis .   b - +2 whip (elec)
rCold    + . .     Gourm    .   (no shield)
rNeg     . . .     Faith    +   Q - +1 ring mail of Amorality {MP+9 Str+5 Int-5 Dex+2}
rPois    .         Spirit   .   (helmet restricted)
rElec    .         Reflect  .   u - scarf {repulsion}
rCorr    .         Harm     .   d - +0 pair of gloves
MR       .....                  (no boots)
Stlth    ++........             t - amulet of faith
HPRegen  0.24/turn              F - ring of protection from cold
MPRegen  0.21/turn              H - +1 ring of slaying

@: lethally poisoned (0 -> -4), repel missiles
A: horns 2, repulsion field 2, demonic guardian 1, nightstalker 1
a: Stomp, Line Pass, Grand Finale, Renounce Religion


You were on level 1 of the Lair of Beasts.
You worshipped Uskayaw.
Uskayaw was aware of your devotion.
You were not hungry.

You visited 2 branches of the dungeon, and saw 11 of its levels.

You collected 637 gold pieces.
You spent 28 gold pieces at shops.

Inventory:

Hand Weapons
 a - a +2 shortbow
 b - a +2 whip of electrocution (weapon)
 e - a +2 whip of electrocution
 w - a +4 dagger
Missiles
 l - 194 arrows
 v - 34 bolts
 L - 2 throwing nets (quivered)
Armour
 d - a +0 pair of gloves (worn)
 f - a +0 chain mail
 n - a +0 ring mail
 u - a scarf of repulsion (worn)
 Q - the +1 ring mail of Amorality (worn) {MP+9 Str+5 Int-5 Dex+2}
   (You took it off an orc on level 9 of the Dungeon)

   It affects your strength (+5).
   It affects your intelligence (-5).
   It affects your dexterity (+2).
   It affects your magic capacity (+9).
 R - a +3 plate armour
Jewellery
 t - an amulet of faith (around neck)
 F - a ring of protection from cold (left hand)
 H - a +1 ring of slaying (right hand)
Wands
 A - a wand of polymorph (34)
 G - a wand of flame (14)
 P - a wand of scattershot (3)
 S - a wand of random effects (48)
Scrolls
 i - 7 scrolls of identify
 k - 3 scrolls of fog
 m - 4 scrolls of amnesia
 p - 4 scrolls of enchant armour
 x - 5 scrolls of remove curse
 y - a scroll of blinking {unknown}
 z - a scroll of fear {unknown}
 B - 3 scrolls of teleportation
 C - 3 scrolls of random uselessness
 D - 2 scrolls of noise {unknown}
 N - a scroll of torment {unknown}
 O - a scroll of immolation {unknown}
Potions
 c - a potion of ambrosia {unknown}
 h - 6 potions of curing
 j - 3 potions of heal wounds {unknown}
 o - 2 potions of brilliance {unknown}
 q - 2 potions of lignification {unknown}
 r - a potion of might
 s - 3 potions of agility
 E - 2 potions of invisibility {unknown}
 I - a potion of mutation {unknown}
 J - a potion of cancellation {unknown}
 K - a potion of flight {unknown}
 M - 2 potions of haste {unknown}
Comestibles
 g - 19 rations
 T - a chunk of flesh


   Skills:
 - Level 7.3 Fighting
 - Level 1.0 Short Blades
 - Level 12.0 Maces & Flails
 - Level 2.3 Bows
 * Level 5.9 Armour
 - Level 1.0 Dodging
 - Level 2.6 Stealth
 + Level 11.1 Invocations


You had 10 spell levels left.
You didn't know any spells.
Your spell library contained the following spells:

 Spells                   Type           Power        Failure   Level  Hunger
 Animate Skeleton         Necr           N/A          54%         1    ##.....
 Magic Dart               Conj           #...         54%         1    ##.....
 Pain                     Necr           #...         54%         1    ##.....
 Summon Small Mammal      Summ           #...         54%         1    ##.....
 Call Imp                 Summ           #.......     69%         2    ###....
 Searing Ray              Conj           #.....       69%         2    ###....
 Call Canine Familiar     Summ           #.......     89%         3    ####...
 Dazzling Spray           Conj/Hex       #.....       89%         3    ####...
 Regeneration             Chrm/Necr      #.........   89%         3    ####...
 Summon Guardian Golem    Hex/Summ       #.......     89%         3    ####...
 Vampiric Draining        Necr           #.........   89%         3    ####...
 Animate Dead             Necr           N/A          100%        4    #####..
 Force Lance              Conj/Tloc      #.......     100%        4    #####..
 Fulminant Prism          Conj/Hex       #.........   100%        4    #####..
 Iskenderun's Mystic Bla  Conj           #.......     100%        4    #####..
 Summon Ice Beast         Ice/Summ       #.......     100%        4    #####..
 Summon Lightning Spire   Summ/Air       #.......     100%        4    #####..


Dungeon Overview and Level Annotations

Branches:
Dungeon (10/15)            Temple (0/1) D:5            Lair (1/6) D:10
    Orc: D:9-12

Altars:
Fedhas
Gozag
Hepliaklqana
Nemelex Xobeh
Okawaru
Qazlal
Ru
Sif Muna
Trog
Uskayaw
Vehumet
Xom
Beogh

Shops:
D:6 (=*((   D:9 !

Annotations:
D:10 Gastronok
Lair:1 3 runed doors, Silaor's ghost, journeyman MiFi


Innate Abilities, Weirdness & Mutations

You have a pair of horns on your head.
You are surrounded by a moderate repulsion field. (EV +3)
A weak demonic guardian rushes to your aid.
You are slightly more attuned to the shadows.


Message History

Uskayaw will force your foes to share their pain.
Uskayaw links your audience in an emotional bond!
The helpless komodo dragon fails to defend itself.
You whack the komodo dragon! You headbutt the komodo dragon!
The komodo dragon is heavily wounded.
You feel sick.
The helpless komodo dragon fails to defend itself.
You whack the komodo dragon!
The komodo dragon is severely wounded.
The komodo dragon is no longer paralysed.
The komodo dragon hisses menacingly.
The komodo dragon bites you!
* * * LOW HITPOINT WARNING * * *
You can now merge with and destroy a victim.
Aiming: Grand Finale
Press: ? - help, Shift-Dir - straight line, f - komodo dragon
Aim: a komodo dragon (severely wounded, sharing its pain)
You fail to use your ability.
You feel sick.
The spiny frog is no longer paralysed.
The komodo dragon bites you!
You die...

## ##### ####
.###...###### ##
##.####.#..#..#.#.####..#
.....................F..#
.#........#......l......P
................@........
....#...........#........
........................F
#.#####.##.....#######...
.... ##....#### ..
.....##......### .
...............#
.................#
...................#


You could see a komodo dragon and a spiny frog.

Vanquished Creatures
  Harold (D:8)
  2 hydras
  A death yak (D:9)
  The ghost of bmj180 the Slicer, a novice HaFi of Dithmenos (D:9)
  Pikel (D:4)
  A centaur skeleton (D:10)
  A spiny frog (Lair:1)
  A komodo dragon (Lair:1)
  A troll (D:9)
  A polar bear (D:10)
  Grinder (D:3)
  2 dream sheep (D:10)
  A centaur simulacrum (D:10)
  11 yaks
  A wyvern (D:9)
  3 chaos spawn (D:8)
  3 water moccasins (Lair:1)
  A porcupine (Lair:1)
  2 black bears (D:6)
  An ice beast (D:10)
  4 orc warriors
  4 sky beasts
  A phantom (D:7)
  2 ogres
  2 centaurs (D:10)
  A crocodile (Lair:1)
  3 big kobolds (D:10)
  8 bullfrogs
  A gnoll sergeant (D:7)
  A scorpion (D:6)
  A water moccasin skeleton (D:9)
  3 killer bees (D:9)
  An electric eel (D:10)
  5 wights (D:6)
  4 howler monkeys
  5 crimson imps
  A centaur zombie (D:9)
  3 hounds
  A bullfrog skeleton (D:7)
  3 orc priests
  Crazy Yiuf (D:7)
  5 orc wizards
  Natasha (twice) (D:2)
  2 iguanas (D:9)
  8 worker ants
  A bullfrog simulacrum (D:10)
  Robin (D:3)
  A howler monkey zombie (D:5)
  12 gnolls
  7 adders
  A shadow imp (D:3)
  2 white imps (D:10)
  An ufetubus (D:10)
  2 oozes
  An adder skeleton (D:6)
  An adder zombie (D:6)
  2 worms
  9 dart slugs
  5 leopard geckos
  23 orcs
  A ball python (D:2)
  9 bats
  2 giant cockroaches
  11 goblins
  6 hobgoblins
  6 jackals (D:3)
  3 quokkas
  4 frilled lizards
  7 kobolds
  8 rats
235 creatures vanquished.

Vanquished Creatures (collateral kills)
  A yak (D:10)
  A phantom (D:4)
  2 sky beasts
  An ogre (D:4)
  A bullfrog (D:7)
  A howler monkey (D:10)
  An electric eel (D:10)
  Natasha (D:2)
  A hound skeleton (D:5)
  2 orcs
  A giant cockroach (D:6)
  2 jackals (D:3)
15 creatures vanquished.

Vanquished Creatures (others)
  4 jackals (D:8)
  2 plants (D:10)
6 creatures vanquished.

Grand Total: 256 creatures vanquished

Notes
Turn   | Place    | Note
-------+----------+-------------------------------------------
     0 | D:1      | Matador8 the Demonspawn Wanderer began the quest for the
                  | Orb.
     0 | D:1      | Matador8 set off with: a +2 shortbow, 27 arrows, a scroll
                  | of teleportation, a +0 short sword, a +0 robe, a +0 dagger,
                  | a ration
     0 | D:1      | Reached XP level 1. HP: 16/16 MP: 1/1
   377 | D:1      | Gained mutation: A weak demonic guardian rushes to your
                  | aid. [demonic ancestry]
   377 | D:1      | Reached XP level 2. HP: 23/23 MP: 2/2
   781 | D:2      | Reached skill level 1 in Maces & Flails
   785 | D:2      | Gained mutation: You are surrounded by a mild repulsion
                  | field. (EV +2) [demonic ancestry]
   785 | D:2      | Reached XP level 3. HP: 21/28 MP: 3/3
   834 | D:2      | Found a hide-covered altar of Uskayaw.
   842 | D:2      | Became a worshipper of Uskayaw the Reveler
   854 | D:2      | Found a shimmering altar of Xom.
  1019 | D:2      | Reached * piety under Uskayaw
  1044 | D:2      | Reached ** piety under Uskayaw
  1063 | D:2      | Noticed Natasha
  1074 | D:2      | Killed Natasha
  1074 | D:2      | Reached skill level 2 in Maces & Flails
  1429 | D:2      | Noticed Natasha
  1433 | D:2      | Killed Natasha
  1433 | D:2      | Reached XP level 4. HP: 34/34 MP: 4/4
  1520 | D:2      | Noticed Natasha
  1795 | D:3      | Reached skill level 3 in Maces & Flails
  1839 | D:3      | Noticed Robin
  1849 | D:3      | Killed Robin
  1849 | D:3      | Reached *** piety under Uskayaw
  2023 | D:3      | Reached XP level 5. HP: 39/39 MP: 5/5
  2108 | D:3      | Found a sacrificial altar of Ru.
  2274 | D:3      | Noticed Grinder
  2340 | D:2      | Killed Natasha
  2340 | D:2      | Reached skill level 4 in Maces & Flails
  2340 | D:2      | Reached skill level 1 in Invocations
  2597 | D:4      | Gained mutation: You have a pair of small horns on your
                  | head. [demonic ancestry]
  2597 | D:4      | Reached XP level 6. HP: 42/46 MP: 7/7
  2730 | D:4      | Found a sparkling altar of Nemelex Xobeh.
  3037 | D:4      | Found an iron altar of Okawaru.
  3212 | D:4      | Reached skill level 5 in Maces & Flails
  3318 | D:4      | Found a hazy altar of Hepliaklqana.
  3319 | D:4      | Found a deep blue altar of Sif Muna.
  3527 | D:3      | Killed Grinder
  3527 | D:3      | Reached skill level 5 in Invocations
  3527 | D:3      | Gained mutation: You are slightly more attuned to the
                  | shadows. [demonic ancestry]
  3527 | D:3      | Reached XP level 7. HP: 28/51 MP: 10/10
  3872 | D:5      | Entered Level 5 of the Dungeon
  4151 | D:5      | Reached skill level 6 in Maces & Flails
  4463 | D:5      | Noticed Pikel
  4574 | D:4      | Killed Pikel
  4574 | D:4      | Gained mutation: You are surrounded by a moderate repulsion
                  | field. (EV +3) [demonic ancestry]
  4574 | D:4      | Reached XP level 8. HP: 33/57 MP: 11/13
  4782 | D:5      | Found a staircase to the Ecumenical Temple.
  5013 | D:6      | Found Diongin's Weapon Boutique.
  5019 | D:6      | Bought 11 arrows for 28 gold pieces
  5116 | D:6      | Reached skill level 7 in Maces & Flails
  5338 | D:6      | Found Laduyng's General Store.
  5339 | D:6      | Found Dioke's Antique Weapon Shoppe.
  5597 | D:6      | Found an opulent altar of Gozag.
  5604 | D:6      | Found Yleseid's Jewellery Emporium.
  5635 | D:6      | Found a blossoming altar of Fedhas.
  5851 | D:6      | Reached **** piety under Uskayaw
  5853 | D:6      | Reached ***** piety under Uskayaw
  5878 | D:6      | Found Muotz's Antique Weapon Shop.
  5928 | D:6      | Reached XP level 9. HP: 61/66 MP: 15/15
  6249 | D:7      | Found a bloodstained altar of Trog.
  6275 | D:7      | Reached skill level 8 in Maces & Flails
  6315 | D:7      | Reached skill level 5 in Fighting
  6804 | D:7      | Reached skill level 9 in Maces & Flails
  7013 | D:7      | Found a runed door.
  7017 | D:7      | Noticed Crazy Yiuf
  7024 | D:7      | Killed Crazy Yiuf
  7251 | D:8      | Found a stormy altar of Qazlal.
  7390 | D:8      | Found a radiant altar of Vehumet.
  7548 | D:8      | Found a shimmering altar of Xom.
  7784 | D:8      | Noticed Harold
  7800 | D:8      | Killed Harold
  7800 | D:8      | Reached skill level 10 in Maces & Flails
  7828 | D:8      | Reached XP level 10. HP: 74/74 MP: 16/16
  7845 | D:8      | Found the +7 mace of Variability {chain chaos}
  8072 | D:9      | Found Naihibom's Distillery.
  8103 | D:9      | Reached skill level 11 in Maces & Flails
  8673 | D:9      | Found a runed gate.
  8673 | D:9      | Found a runed gate.
  8673 | D:9      | Found a runed gate.
  8686 | D:9      | Noticed bmj180's ghost (novice HaFi)
  8754 | D:9      | Reached skill level 12 in Maces & Flails
  9251 | D:10     | Entered Level 10 of the Dungeon
  9611 | D:10     | Noticed Gastronok
 10187 | D:10     | Noticed a death yak
 10683 | D:10     | Noticed a three-headed hydra
 10695 | D:10     | Killed a three-headed hydra
 10695 | D:10     | Gained mutation: You have a pair of horns on your head.
                  | [demonic ancestry]
 10695 | D:10     | Reached XP level 11. HP: 83/83 MP: 18/18
 10708 | D:10     | Reached ****** piety under Uskayaw
 10835 | D:9      | Killed a death yak
 10835 | D:9      | Reached skill level 10 in Invocations
 11102 | D:9      | Killed bmj180's ghost
 11120 | D:9      | Got a fine ring mail
 11134 | D:9      | Found a roughly hewn altar of Beogh.
 11164 | D:9      | Identified the +1 ring mail of Amorality {MP+9 Str+5 Int-5
                  | Dex+2} (You took it off an orc on level 9 of the Dungeon)
 11484 | D:10     | Found a staircase to the Lair.
 11499 | Lair:1   | Entered Level 1 of the Lair of Beasts
 11499 | Lair:1   | Found a runed gate.
 11499 | Lair:1   | Found a runed gate.
 11499 | Lair:1   | Found a runed gate.
 11499 | Lair:1   | Noticed a death ooze
 11505 | Lair:1   | Noticed Silaor's ghost (journeyman MiFi)
 11531 | Lair:1   | Noticed a seven-headed hydra
 11784 | Lair:1   | Reached skill level 5 in Armour
 11866 | Lair:1   | Killed a seven-headed hydra
 11970 | Lair:1   | Slain by a komodo dragon

Skill      XL: |  1  2  3  4  5  6  7  8  9 10 11 |
---------------+----------------------------------+-----
Bows           | 2 |  2.3
Maces & Flails | 1 2 3 4 5 6 7 10 12 | 12.0
Invocations    | 2 5 7 8 9 11 | 11.1
Fighting       | 4 5 6 7 |  7.3
Armour         | 3 5 |  5.9
Short Blades   | |  1.0
Dodging        | |  1.0
Stealth        | |  2.6

Action                   |  1- 3 |  4- 6 |  7- 9 | 10-12 || total
-------------------------+-------+-------+-------+-------++-------
Melee: Whip              |    41 |   156 |   303 |   302 ||   802
       Headbutt          |       |     8 |    51 |    53 ||   112
       Unarmed           |       |       |       |     1 ||     1
 Fire: Shortbow          |    38 |    39 |    42 |     3 ||   122
Invok: Stomp             |       |     1 |     1 |       ||     2
       Line Pass         |       |       |     1 |     1 ||     2
       Grand Finale      |       |       |       |     1 ||     1
Evoke: Wand              |       |       |       |     4 ||     4
  Use: Scroll            |       |     3 |     7 |     1 ||    11
       Potion            |       |       |     3 |     1 ||     4
 Stab: Sleeping          |       |       |     8 |       ||     8
       Confused          |       |       |     1 |       ||     1
       Paralysed         |       |       |     9 |    32 ||    41
  Eat: Chunk             |     1 |     7 |     7 |     8 ||    23
       Ration            |       |       |     2 |     2 ||     4
Armor: Ring mail         |    20 |    39 |    54 |    32 ||   145
       Robe              |     1 |       |       |       ||     1
       Chain mail        |       |       |       |     2 ||     2
Dodge: Dodged            |    31 |    86 |   130 |    90 ||   337
       Deflected         |       |       |     1 |     5 ||     6
